 Dungeon Crawl Stone Soup version 0.24.0-125-gc4c63601f3 (webtiles) character file.

Game seed: 12685162744929350763, levelgen mode: deterministic

137 Descartes the Covered (level 5, 0/42 HPs)
             Began as a Barachi Fighter on Mar 8, 2020.
             Succumbed to an adder's poison
             ... on level 3 of the Dungeon.
             The game lasted 00:07:46 (1660 turns).

Descartes the Covered (Barachi Fighter)             Turns: 1660, Time: 00:07:46

Health: 0/42       AC:  9    Str: 19    XL:     5   Next: 20%
Magic:  5/5        EV:  5    Int:  8    God:
Gold:   78         SH:  9    Dex: 11    Spells: 4/4 levels left

rFire    . . .     SeeInvis .   a - +0 long sword
rCold    . . .     Gourm    .   c - +0 shield
rNeg     . . .     Faith    .   i - +0 chain mail
rPois    .         Spirit   .   (no helmet)
rElec    .         Reflect  .   (no cloak)
rCorr    .         Harm     .   (no gloves)
MR       .....                  (no boots)
Stlth    ..........             (no amulet)
HPRegen  0.14/turn              (no ring)
MPRegen  0.09/turn              (no ring)

@: lethally poisoned (0 -> -13), slow
A: +LOS, swims, slowness 1, strong legs 1
a: Hop


You were on level 3 of the Dungeon.
You were not hungry.

You visited 1 branch of the dungeon, and saw 3 of its levels.

You collected 78 gold pieces.

Inventory:

Hand Weapons
 a - a +0 long sword (weapon)
Missiles
 e - 3 boomerangs (quivered)
 h - 78 stones
Armour
 c - a +0 shield (worn)
 i - a +0 chain mail (worn)
Wands
 n - a wand of paralysis (13)
Scrolls
 j - a scroll of magic mapping {unknown}
 k - a scroll of identify {unknown}
 l - a scroll of remove curse {unknown}
Potions
 d - a potion of might
 g - 2 potions of agility {unknown}
 m - a potion of berserk rage {unknown}
Comestibles
 f - 3 rations


   Skills:
 + Level 4.2 Fighting
 + Level 3.5 Long Blades
 + Level 4.7 Armour
 + Level 1.4 Dodging
 + Level 4.2 Shields


You had 4 spell levels left.
You didn't know any spells.
Your spell library was empty.

Dungeon Overview and Level Annotations

Branches:
Dungeon (3/15)

Altars:
Ashenzari
Qazlal


Innate Abilities, Weirdness & Mutations

Shadows flee at your approach. (+LOS)
You can swim through water.
You cover ground slowly.
You can hop short distances.


Message History

* * * LOW HITPOINT WARNING * * *
You feel very sick. The adder bites you but does no damage.
The adder barely misses you.
You miss the adder.
The adder is lightly wounded.
* * * LOW HITPOINT WARNING * * *
You feel sick. You block the adder's attack.
Your shield prevents you from hitting the adder.
The adder is lightly wounded.
* * * LOW HITPOINT WARNING * * *
You feel sick. You block the adder's attack.
The adder bites you but does no damage.
You hit the adder but do no damage.
The adder is lightly wounded.
* * * LOW HITPOINT WARNING * * *
You feel sick. The adder bites you but does no damage.
You block the adder's attack.
You slash the adder!
You kill the adder!
You die...

#.#..###.#.#.##.# ##.##
.........#.#.##.# #...#
###.###.##.#.##.# #...# # #.#
#.........## #...#
###'###..#.......#####...#####
###_'..........[.#...........#.
###+###.......<.s..............
# #.# #........#.#...........#.
###.###.....#..#@#####...#####
...............#.# ....#
.##...###.)รท)....# ##...#
..........###)#### #...#
....^#......#.# ....#
#.........#.#.# .##.#
#.##.#.##.#.#.# . .#
.....#.##.....# . .#
####.#.####.###


You could see a giant cockroach.

Vanquished Creatures
  An orc wizard (D:3)
  A gnoll (D:1)
  3 adders
  3 worms
  A dart slug (D:1)
  A leopard gecko (D:2)
  3 orcs (D:3)
  9 bats
  3 giant cockroaches (D:1)
  3 goblins
  8 hobgoblins
  6 jackals
  4 frilled lizards
  8 kobolds
  5 rats
59 creatures vanquished.

Notes
Turn   | Place    | Note
-------+----------+-------------------------------------------
     0 | D:1      | Descartes the Barachi Fighter began the quest for the Orb.
     0 | D:1      | Reached XP level 1. HP: 18/18 MP: 1/1
    33 | D:1      | Reached XP level 2. HP: 25/25 MP: 2/2
   293 | D:1      | Reached XP level 3. HP: 29/30 MP: 3/3
   801 | D:1      | Reached XP level 4. HP: 23/37 MP: 4/4
  1047 | D:2      | Found a shattered altar of Ashenzari.
  1275 | D:2      | Reached skill level 1 in Dodging
  1418 | D:3      | Reached XP level 5. HP: 30/42 MP: 5/5
  1599 | D:3      | Found a stormy altar of Qazlal.
  1659 | D:3      | HP: 1/42 [poisoned by an adder]
  1660 | D:3      | Succumbed to an adder's poison

Levels and vault maps discovered:
D:1:      shiori_arrival_maze, layout_loops_ring
D:2:      layout_rooms, nicolae_ashenzari_panopticon, first_ration
D:3:      layout_loops_cross, lemuel_doored_altar

Skill      XL: |  1  2  3  4 |
---------------+-------------+-----
Armour         | 4 |  4.7
Long Blades    | 3 |  3.5
Fighting       | 4 |  4.2
Shields        | 4 |  4.2
Dodging        | 1 |  1.4

Action                   |  1- 3 |  4- 6 || total
-------------------------+-------+-------++-------
Melee: Long sword        |   135 |   111 ||   246
  Eat: Chunk             |       |     4 ||     4
Armor: Scale mail        |     3 |       ||     3
       Chain mail        |    90 |    71 ||   161
Dodge: Dodged            |    29 |    28 ||    57
Block: Shield            |    88 |    65 ||   153
       Rpst.: Long sword |     7 |    13 ||    20
